 Dungeon Crawl Stone Soup version 0.29-a0-297-g7659ce593d (webtiles) character file.

Game seed: 1718070165682863019

44 Dabor the Stinger (level 3, -4/28 HPs)
             Began as a Naga Venom Mage on Mar 22, 2022.
             Slain by Terence
             ... wielding a +0 short sword
              (5 damage)
             ... on level 2 of the Dungeon.
             The game lasted 00:03:53 (1914 turns).

Dabor the Stinger (Naga Venom Mage)                 Turns: 1914, Time: 00:03:53

Health: -4/28      AC:  2    Str:  8 (10) XL:     3   Next: 60%
Magic:  3/6        EV: 10    Int: 16 (17) God:
Gold:   22         SH:  0    Dex: 10 (11) Spells: 3/6 levels left

rFire   . . .      SeeInvis +   e - +4 short sword
rCold   . . .      Faith    .   (no shield)
rNeg    . . .      Spirit   .   a - +0 robe
rPois   +          Reflect  .   (no helmet)
rElec   .          Harm     .   (no cloak)
rCorr   .          Rampage  .   (no gloves)
Will    .....                   (no barding)
Stlth   ++........              (no amulet)
HPRegen 0.09/turn               (no ring)
MPRegen 0.10/turn               (no ring)

@: very slightly contaminated, very slow
A: AC +1, large, see invisible, deformed body, poison resistance, slowness 2,
spit poison 1, naga tail 1
a: Spit Poison


You were on level 2 of the Dungeon.
You visited 1 branch of the dungeon, and saw 2 of its levels.

You collected 97 gold pieces.
You spent 75 gold pieces at shops.

Inventory:

Hand Weapons
 e - a +4 short sword (weapon)
Armour
 a - a +0 robe (worn)
Jewellery
 i - a +4 ring of evasion
Scrolls
 c - 2 scrolls of identify
 d - a scroll of blinking
 g - a scroll of vulnerability
 h - a scroll of fear
Potions
 f - a potion of heal wounds {unknown}


   Skills:
 + Level 2.0 Dodging
 + Level 3.7 Stealth
 + Level 2.3 Spellcasting
 + Level 1.6 Transmutations
 + Level 4.4 Poison Magic


You had 3 spell levels left.
You knew the following spells:

 Your Spells              Type           Power      Damage    Failure   Level
a - Sting                 Tmut/Pois      44%        1d5       5%          1
b - Poisonous Vapours     Pois/Air       18%        N/A       12%         2

Your spell library contained the following spells:

 Spells                   Type           Power      Damage    Failure   Level
 Mephitic Cloud           Conj/Pois/Air  6%         N/A       32%         3
 Olgreb's Toxic Radiance  Pois           16%        N/A       32%         4


Dungeon Overview and Level Annotations

Branches:
Dungeon (2/15)

Altars:
Trog

Shops:
D:2 ?

Annotations:
D:2 Terence


Innate Abilities, Weirdness & Mutations

Your serpentine skin is tough. (AC +1)
You have supernaturally acute eyesight. (SInv)
Armour fits poorly on your strangely shaped body.
Your system is resistant to poisons. (rPois)
You cover ground very slowly.
You can spit poison.
You have a snake-like lower body.


Message History

Terence hits you with a +0 short sword!
Casting: Sting (safe; 5% risk of failure)
Confirm with . or Enter, or press ? or * to list all spells.
Aiming: Sting (safe; 5% risk of failure)
Press: ? - help, Shift-Dir - straight line, f/p - Terence
Aim: Terence, wielding a +0 short sword and wearing a +0 chain mail (lightly wounded, poisoned, 79% to hit)
The sting misses Terence.
You kill the goblin!
Terence hits you with a +0 short sword!
Okay, then.
Okay, then.
Magic courses through your body. Terence closely misses you.
Casting: Sting (safe; 5% risk of failure)
Confirm with . or Enter, or press ? or * to list all spells.
Aiming: Sting (safe; 5% risk of failure)
Press: ? - help, Shift-Dir - straight line, f/p - Terence
Aim: Terence, wielding a +0 short sword and wearing a +0 chain mail (lightly wounded, poisoned, 79% to hit)
The sting hits Terence but does no damage.
Terence looks even sicker.
Terence is lightly wounded.
Terence hits you with a +0 short sword!
* * * LOW HITPOINT WARNING * * *
Casting: Sting (safe; 5% risk of failure)
Confirm with . or Enter, or press ? or * to list all spells.
Aiming: Poisonous Vapours (safe; 12% risk of failure)
Press: ? - help, Dir - move target, f/p - Terence
Aim: Terence, wielding a +0 short sword and wearing a +0 chain mail (moderately wounded, very poisoned) Poisonous vapours surround Terence!
Terence looks even sicker.
You have got your breath back.
Terence hits you with a +0 short sword.
* * * LOW HITPOINT WARNING * * *
Casting: Poisonous Vapours (safe; 12% risk of failure)
Confirm with . or Enter, or press ? or * to list all spells.
Aiming: Sting (safe; 5% risk of failure)
Press: ? - help, Shift-Dir - straight line, f/p - Terence
Aim: Terence, wielding a +0 short sword and wearing a +0 chain mail (heavily wounded, very poisoned, 79% to hit)
You miscast Sting.
You are very lightly contaminated with residual magic.
Nothing appears to happen.
Terence hits you with a +0 short sword.
You die...

######### #.......#
#....)..# ########
####.......###......#
...+.......'........#
'###.......###.._...#
∩###.......###......####
##...†...........@......
..#############.@)####
.## ###.# ## .†# # ....
######## ..... #......#
....... #......# .......
#......# .......
.......#


You could see Terence (very poisoned).

Vanquished Creatures
  An adder (D:2)
  A worm (D:2)
  3 dart slugs
  3 bats (D:1)
  3 endoplasms
  A giant cockroach (D:2)
  A goblin (D:2)
  A hobgoblin (D:1)
  A quokka (D:2)
  2 ball pythons (D:1)
  2 frilled lizards
  6 kobolds
  4 rats
29 creatures vanquished.

Notes
Turn   | Place    | Note
-------+----------+-------------------------------------------
     0 | D:1      | Dabor the Naga Venom Mage began the quest for the Orb.
     0 | D:1      | Reached XP level 1. HP: 15/15 MP: 3/3
   350 | D:1      | Reached XP level 2. HP: 22/22 MP: 1/5
   460 | D:1      | Learned a level 2 spell: Poisonous Vapours
  1404 | D:2      | Reached XP level 3. HP: 18/28 MP: 6/6
  1856 | D:2      | Found Voogayne's Magic Scroll Boutique.
  1859 | D:2      | Bought a scroll of fear for 35 gold pieces
  1859 | D:2      | Bought a scroll of identify for 20 gold pieces
  1859 | D:2      | Bought a scroll of identify for 20 gold pieces
  1894 | D:2      | Found a bloodstained altar of Trog.
  1903 | D:2      | Noticed Terence
  1913 | D:2      | HP: 1/28 [Terence/+0 short sword (4)]
  1914 | D:2      | Slain by Terence

Illustrated notes

Levels and vault maps discovered:
D:1:      amcnicky_arrival_flooded_fountain, layout_basic,
          dreamdust_wishing_well
D:2:      layout_basic, serial_shops, nicolae_shop_window_shopping, basic_altar,
          hangedman_decor_clover_reticule, minmay_liquid_box, uniq_jessica,
          uniq_terence, uniq_crazy_yiuf_cottage

Skill      XL: |  1  2  3 |
---------------+----------+-----
Dodging        | 2 |  2.0
Stealth        | |  3.7
Spellcasting   | |  2.3
Transmutations | |  1.6
Poison Magic   | |  4.4

Action                   || total
-------------------------++-------
Melee: Short sword       ||    17
 Cast: Sting             ||    42
       Poisonous Vapours ||    16
 Abil: Spit Poison       ||     2
  Use: Scroll            ||     2
       Potion            ||     2
Armor: Robe              ||     2
Dodge: Dodged            ||    24

Table legend: (Time is in decaauts)
 A = Elapsed time spent in this place.
 B = Non-inter-level travel time spent in this place.
 C = Inter-level travel time spent in this place.
 D = Time resting spent in this place.
 E = Time spent auto-exploring this place.
 F = Levels seen in this place.
 G = Mean time per level.
                   A        B        C        D        E       F      G
               +--------+--------+--------+--------+--------+-----+--------+
         Total |   2218 |   2119 |     99 |    246 |   1565 |   2 | 1109.0 |
       Dungeon |   2218 |   2119 |     99 |    246 |   1565 |   2 | 1109.0 |
               +--------+--------+--------+--------+--------+-----+--------+

Top non-repeatable levels by time:
     D:1: 1460 daAuts
     D:2: 758 daAuts
